[Event "Sunday 14 January 2nd Tour 7+2 Rounds 9 Starts 2200 ST"]
[Site "Infinity Chess"]
[Date "2018.1.14"]
[Round "2"]
[White "Vimtiroba"]
[Black "RonWeasley"]
[Result "1/2-1/2"]
[ECO "E00"]
[WhiteElo "2540"]
[BlackElo "2524"]
[WhiteEngine "CFish@13_CTG"]
[BlackEngine "BrainFish 130117_CTG"]
[EventType "Swiss"]
[WhiteTeam ""]
[BlackTeam ""]
[PlyCount "90"]
[TimeControl "420+2"]

1. d4 Nf6 2. c4 e6 3. e3 d5 4. Nf3 c6 5. Nc3 Nbd7 6. Be2 Bd6 7. O-O O-O 
8. Qc2 dxc4 9. Bxc4 a6 10. Rd1 b5 11. Bd3 Qc7 12. Bd2 c5 13. Ne4 c4 
14. Nxd6 Qxd6 15. Be2 Bb7 16. b3 Bd5 17. Ba5 Rfc8 18. Qb2 Ne4 19. Rdc1 f5 
20. bxc4 Bxc4 21. Bd1 Rab8 22. a3 Bd5 23. h3 h6 24. Bb3 Nef6 25. Ne5 Bxb3 
26. Bb4 Qb6 27. Nxd7 Nxd7 28. Qxb3 Kf7 29. f3 Qb7 30. Rf1 Nb6 31. e4 Nc4 
32. exf5 exf5 33. Rfe1 Re8 34. a4 Qd7 35. Bc5 Rxe1+ 36. Rxe1 Re8 37. Rxe8 Qxe8 
38. axb5 axb5 39. Qb1 Qe3+ 40. Kh2 Kg6 41. Qxb5 Qf4+ 42. Kg1 Qe3+ 43. Kh2 Qf4+ 
44. Kg1 Qc1+ 45. Kh2 Qf4+ 1/2-1/2

[Event "Sunday 14 January 2nd Tour 7+2 Rounds 9 Starts 2200 ST"]
[Site "Infinity Chess"]
[Date "2018.1.14"]
[Round "2"]
[White "xeonrocks"]
[Black "Thor"]
[Result "1/2-1/2"]
[ECO "C50"]
[WhiteElo "2586"]
[BlackElo "2590"]
[WhiteEngine "asmFishW_bmi2_CTG"]
[BlackEngine "asmFishW_bmi2"]
[EventType "Swiss"]
[WhiteTeam ""]
[BlackTeam ""]
[PlyCount "159"]
[TimeControl "420+2"]

1. e4 e5 2. Nf3 Nc6 3. Bc4 Bc5 4. O-O Nf6 5. d3 d6 6. c3 O-O 7. Re1 h6 8. h3 Bb6 
9. a4 a5 10. Nbd2 Be6 11. Bxe6 fxe6 12. Nc4 Bc5 13. Be3 Bxe3 14. Rxe3 Qd7 
15. Qb3 Nh5 16. Qb5 Nf4 17. Kh2 Ng6 18. Rf1 Rf7 19. g3 b6 20. Kg2 Raf8 
21. Nh2 d5 22. Nd2 Nb8 23. Qxd7 Rxd7 24. exd5 exd5 25. Nhf3 Nc6 26. h4 d4 
27. cxd4 exd4 28. Re4 Rf5 29. Rd1 Nb4 30. Rxd4 Rxd4 31. Nxd4 Rd5 32. N2f3 Kf7 
33. Rc1 c5 34. Nc2 Nxd3 35. Ne3 Rd8 36. Rd1 Ke8 37. b3 Ne7 38. Kf1 Nb4 
39. Nd2 Rd3 40. Nec4 Nbd5 41. Re1 Rc3 42. Nd6+ Kf8 43. h5 Nf6 44. N6e4 Nxe4 
45. Rxe4 Kf7 46. Rc4 Rd3 47. Ke2 Rd5 48. Rf4+ Ke6 49. Re4+ Kf6 50. Nc4 Rxh5 
51. Nxb6 Nc6 52. Kd3 Ne5+ 53. Kc3 Kf5 54. Rf4+ Ke6 55. Re4 Kf5 56. Rf4+ Ke6 
57. Nc4 Nc6 58. Ne3 Rh1 59. Rf8 Rc1+ 60. Kb2 Rh1 61. Kc3 Rc1+ 62. Kd2 Rb1 
63. Kc2 Ra1 64. Kd3 Rb1 65. Kc2 Ra1 66. Rc8 Kd7 67. Rg8 Ra2+ 68. Kd3 Rxf2 
69. Rxg7+ Kd8 70. Rg8+ Kd7 71. Rg7+ Kd8 72. Ke4 Re2 73. g4 Ne5 74. Kxe5 Rxe3+ 
75. Kd5 Rxb3 76. Kxc5 Rg3 77. Kc6 h5 78. g5 h4 79. Rh7 Rxg5 80. Rxh4 1/2-1/2

[Event "Sunday 14 January 2nd Tour 7+2 Rounds 9 Starts 2200 ST"]
[Site "Infinity Chess"]
[Date "2018.1.14"]
[Round "2"]
[White "beka"]
[Black "Seliga"]
[Result "1/2-1/2"]
[ECO "C77"]
[WhiteElo "2355"]
[BlackElo "2532"]
[WhiteEngine "stockfish_18011309_x64_CTG"]
[BlackEngine "SF@130118_CTG"]
[EventType "Swiss"]
[WhiteTeam ""]
[BlackTeam ""]
[PlyCount "102"]
[TimeControl "420+2"]

1. e4 e5 2. Nf3 Nc6 3. Bb5 a6 4. Ba4 Nf6 5. O-O Be7 6. Re1 b5 7. Bb3 O-O 
8. a4 b4 9. d4 d6 10. dxe5 Nxe5 11. Nxe5 dxe5 12. Qe2 a5 13. Bg5 Qd4 14. c3 bxc3 
15. Nxc3 c6 16. Be3 Qb4 17. Bc4 Rd8 18. Na2 Qb7 19. Rad1 Rxd1 20. Rxd1 Nxe4 
21. Qh5 Be6 22. Bxe6 fxe6 23. Nc3 Nxc3 24. bxc3 c5 25. h3 Qc6 26. Qxe5 Bf6 
27. Qd6 Qxd6 28. Rxd6 Bxc3 29. Rxe6 Rd8 30. Bxc5 Rd1+ 31. Kh2 Bd4 32. Bxd4 Rxd4 
33. g4 Rxa4 34. Kg3 Ra3+ 35. f3 Kf7 36. Rc6 a4 37. Rc7+ Kf6 38. h4 Rb3 
39. Ra7 a3 40. g5+ Kg6 41. Kg4 Rb4+ 42. f4 h5+ 43. gxh6 Kxh6 44. Rxa3 Rb1 
45. f5 Rg1+ 46. Kf3 Rf1+ 47. Ke4 Rh1 48. h5 Rxh5 49. Ra6+ Kh7 50. Ke5 g6 
51. Rxg6 Rh3 1/2-1/2

[Event "Sunday 14 January 2nd Tour 7+2 Rounds 9 Starts 2200 ST"]
[Site "Infinity Chess"]
[Date "2018.1.14"]
[Round "2"]
[White "SkyPilot"]
[Black "THE_MACHINE"]
[Result "1/2-1/2"]
[ECO "C50"]
[WhiteElo "2550"]
[BlackElo "2574"]
[WhiteEngine "stockfish_x64_bmi2_2018_01_01_CTG"]
[BlackEngine "Houdini 6"]
[EventType "Swiss"]
[WhiteTeam ""]
[BlackTeam ""]
[PlyCount "118"]
[TimeControl "420+2"]

1. e4 e5 2. Nf3 Nc6 3. Bc4 Bc5 4. O-O Nf6 5. d3 d6 6. c3 O-O 7. Bg5 a6 8. b4 Ba7 
9. Nbd2 h6 10. Bh4 g5 11. Bg3 b5 12. Bb3 a5 13. bxa5 Nxa5 14. Bc2 c5 15. Rb1 Rb8 
16. Re1 b4 17. c4 Nc6 18. Ba4 Ne7 19. Nf1 Nh5 20. Ne3 Ng7 21. Nd2 Bb6 
22. a3 bxa3 23. Rb3 Ra8 24. Rxa3 Ba5 25. Ra2 Ne6 26. Bb5 Rb8 27. Nc2 h5 
28. h3 Nf4 29. Ne3 Be6 30. Ba4 Ra8 31. Rf1 Bb4 32. Nf3 Neg6 33. Qc2 Qf6 
34. Nh2 Bc3 35. Qxc3 Rxa4 36. Qc2 Rxa2 37. Qxa2 Nxd3 38. Qd2 Ngf4 39. Nf3 Ra8 
40. h4 gxh4 41. Nxh4 Rb8 42. Nhf5 Bxf5 43. Nxf5 Rb2 44. Qd1 Kh7 45. Bxf4 Nxf4 
46. g3 Ne2+ 47. Kh2 Qg6 48. Qxd6 Nd4 49. Qxc5 Nxf5 50. Qxe5 Ne3 51. Qxb2 Nxf1+ 
52. Kg1 Ne3 53. fxe3 Qxg3+ 54. Qg2 Qxe3+ 55. Kh2 Qd4 56. Kh3 Qxc4 57. Qf3 Qe6+ 
58. Kh4 f6 59. Qxh5+ Kg7 1/2-1/2

[Event "Sunday 14 January 2nd Tour 7+2 Rounds 9 Starts 2200 ST"]
[Site "Infinity Chess"]
[Date "2018.1.14"]
[Round "1"]
[White "ocirema"]
[Black "beka"]
[Result "0-1"]
[ECO "B90"]
[WhiteElo "2495"]
[BlackElo "2332"]
[WhiteEngine "asmFishW_2018-01-12_popcnt_CTG"]
[BlackEngine "stockfish_18011309_x64_CTG"]
[EventType "Swiss"]
[WhiteTeam ""]
[BlackTeam ""]
[PlyCount "210"]
[TimeControl "420+2"]

1. e4 c5 2. Nf3 d6 3. d4 cxd4 4. Nxd4 Nf6 5. Nc3 a6 6. Be3 e5 7. Nb3 Be6 
8. f3 h5 9. Be2 Nbd7 10. Nd5 Bxd5 11. exd5 g6 12. Qd2 Bg7 13. O-O b6 14. c4 O-O 
15. Rad1 Re8 16. h3 a5 17. Na1 b5 18. cxb5 Nb6 19. Kh1 Nbxd5 20. Bg5 Nf4 
21. Bd3 d5 22. Bxf4 exf4 23. Qxf4 Nd7 24. Qg3 Bxb2 25. f4 Qc7 26. Nc2 Bg7 
27. Qf3 Nf6 28. Nd4 h4 29. f5 g5 30. Nc6 Bf8 31. Bc2 Bc5 32. Rxd5 Nxd5 
33. Qxd5 Qd6 34. Qf3 Qf4 35. Bd3 Qxf3 36. gxf3 Re3 37. Be4 Re8 38. f6 Re2 
39. Rb1 Bb6 40. Ne7+ Kf8 41. Nd5 Rb8 42. a4 Ra2 43. Rc1 Bf2 44. Rc4 Bg3 
45. Kg1 Rd8 46. Kf1 Ke8 47. b6 Rb2 48. Rc1 Rf2+ 49. Kg1 Rd2 50. Nc7+ Kd7 
51. Kf1 Rb8 52. Nd5 Rb2 53. Rc3 Rf2+ 54. Kg1 Ra2 55. Kf1 Rxa4 56. Ke2 Be5 
57. Rc1 Ra2+ 58. Kd3 a4 59. Rc5 Rb2 60. Ra5 Rb3+ 61. Ke2 a3 62. Ne3 Bf4 
63. Nc4 Rc3 64. Bf5+ Ke8 65. Nxa3 Rd8 66. Nb1 Rb3 67. Ra2 Rxb6 68. Nc3 Rxf6 
69. Be4 Rfd6 70. Kf1 Kf8 71. Bb7 Be5 72. Ne2 Rd1+ 73. Kg2 Re1 74. Be4 Rdd1 
75. Rc2 Rf1 76. Rc8+ Ke7 77. f4 Bxf4 78. Rc5 Be3 79. Rf5 Rfe1 80. Bf3 f6 
81. Bh5 Rb1 82. Bg4 Bb6 83. Rd5 Rb2 84. Rd7+ Ke8 85. Rd5 Kf7 86. Rd7+ Kg6 
87. Re7 Rg1+ 88. Kf3 Rb3+ 89. Ke4 Rxg4+ 90. Kd5 Rxh3 91. Kc6 Rb3 92. Kd5 Rd3+ 
93. Kc6 Be3 94. Re8 Rg2 95. Rg8+ Kf7 96. Rb8 Rxe2 97. Rb4 h3 98. Rb7+ Kg6 
99. Rb1 h2 100. Kb5 Rb2+ 101. Rxb2 h1=Q 102. Rg2 Qxg2 103. Kc4 Qc2+ 
104. Kb5 Qb2+ 105. Ka4 Ra3# 0-1

[Event "Sunday 14 January 2nd Tour 7+2 Rounds 9 Starts 2200 ST"]
[Site "Infinity Chess"]
[Date "2018.1.14"]
[Round "1"]
[White "miguello"]
[Black "CrossingJordan"]
[Result "1/2-1/2"]
[ECO "D31"]
[WhiteElo "2395"]
[BlackElo "2515"]
[WhiteEngine "stockfish_18011309_x64_modern_CTG"]
[BlackEngine "asmFishW_2017-12-20_bmi2_CTG"]
[EventType "Swiss"]
[WhiteTeam ""]
[BlackTeam ""]
[PlyCount "86"]
[TimeControl "420+2"]

1. d4 d5 2. c4 e6 3. Nc3 c6 4. Nf3 Nf6 5. Bg5 h6 6. Bh4 dxc4 7. e4 g5 8. Bg3 b5 
9. Be2 Bb7 10. h4 g4 11. Ne5 Nbd7 12. Bxg4 Nxe5 13. Bxe5 Rg8 14. Bf3 Nd7 
15. Bg3 Qb6 16. O-O O-O-O 17. Kh1 Bg7 18. Bh5 Rgf8 19. Bd6 Qxd4 20. f4 Nc5 
21. Bxf8 Bxf8 22. Qxd4 Rxd4 23. e5 Rd7 24. Rad1 Nd3 25. Ne4 Nxb2 26. Rxd7 Kxd7 
27. Nf6+ Ke7 28. Ng8+ Ke8 29. Nf6+ Ke7 30. Ng8+ Ke8 31. Nf6+ Kd8 32. Bxf7 Bc8 
33. Nh7 Bg7 34. Kg1 c3 35. Bg6 b4 36. Ra1 Ba6 37. Kf2 Ke7 38. Ke3 c5 39. g4 Nc4+ 
40. Kf2 Nb2 41. Ke3 Nc4+ 42. Ke4 Nd2+ 43. Ke3 Nc4+ 1/2-1/2

[Event "Sunday 14 January 2nd Tour 7+2 Rounds 9 Starts 2200 ST"]
[Site "Infinity Chess"]
[Date "2018.1.14"]
[Round "1"]
[White "Seliga"]
[Black "Dovahkiin"]
[Result "1-0"]
[ECO "B04"]
[WhiteElo "2520"]
[BlackElo "2422"]
[WhiteEngine "SF@130118_CTG"]
[BlackEngine "BrainFish_180113_x64_modern_CTG"]
[EventType "Swiss"]
[WhiteTeam ""]
[BlackTeam ""]
[PlyCount "165"]
[TimeControl "420+2"]

1. e4 Nf6 2. e5 Nd5 3. d4 d6 4. Nf3 g6 5. Bc4 Nb6 6. Bb3 Bg7 7. Qe2 O-O 8. h3 a5 
9. a4 Na6 10. Nc3 c6 11. Bg5 d5 12. Be3 f6 13. O-O-O Nc7 14. Kb1 Be6 15. Nd2 Nd7 
16. f4 b5 17. Nf3 Qc8 18. g4 Nb6 19. exf6 exf6 20. f5 b4 21. Na2 gxf5 
22. Rdg1 fxg4 23. hxg4 Bxg4 24. Qg2 f5 25. Bh6 Rf7 26. Ng5 Re7 27. Bxg7 Rxg7 
28. Rxh7 Rxh7 29. Nxh7 Ne8 30. Qh2 Ra7 31. Ng5 Rg7 32. Qh6 Qd8 33. Ne6 Qf6 
34. Qxf6 Nxf6 35. Nxg7 Kxg7 36. c3 bxc3 37. Bc2 Kf7 38. b4 Nc4 39. bxa5 Nxa5 
40. Nxc3 f4 41. Ka2 f3 42. Bd3 Bh3 43. Rg3 Bg4 44. Ka3 Ke7 45. Kb4 Nc4 
46. Nd1 c5+ 47. dxc5 Ne5 48. Nf2 Bd7 49. Rg5 Nc6+ 50. Kc3 Ke6 51. Bf5+ Ke7 
52. Bxd7 Kxd7 53. Rf5 Ke6 54. Rxf3 d4+ 55. Kc2 d3+ 56. Kd2 Ne5 57. Rh3 Kd5 
58. Rh6 Ng8 59. Rd6+ Kxc5 60. Rd8 Ne7 61. Nxd3+ Nxd3 62. Kxd3 Nd5 63. Rc8+ Kb6 
64. Kc4 Ne3+ 65. Kb3 Nd5 66. a5+ Kb5 67. Re8 Kc5 68. a6 Kb6 69. Re6+ Ka7 
70. Rc6 Kb8 71. Kc4 Ne7 72. Rb6+ Ka8 73. Re6 Nc8 74. Kb5 Ka7 75. Kc5 Kb8 
76. Kc6 Na7+ 77. Kd7 Nb5 78. Rb6+ Ka7 79. Rxb5 Kxa6 80. Kc6 Ka7 81. Ra5+ Kb8 
82. Ra6 Kc8 83. Ra8# 1-0

[Event "Sunday 14 January 2nd Tour 7+2 Rounds 9 Starts 2200 ST"]
[Site "Infinity Chess"]
[Date "2018.1.14"]
[Round "1"]
[White "IronMan"]
[Black "RonWeasley"]
[Result "1/2-1/2"]
[ECO "A46"]
[WhiteElo "2475"]
[BlackElo "2526"]
[WhiteEngine "Stockfish SL FA PB BMI2"]
[BlackEngine "BrainFish 130117_CTG"]
[EventType "Swiss"]
[WhiteTeam ""]
[BlackTeam ""]
[PlyCount "102"]
[TimeControl "420+2"]

1. d4 Nf6 2. Nf3 d5 3. c4 e6 4. Nc3 c6 5. e3 Nbd7 6. Bd3 dxc4 7. Bxc4 b5 
8. Be2 Bb7 9. O-O a6 10. e4 c5 11. e5 Nd5 12. a4 b4 13. Nxd5 Bxd5 14. Be3 Be7 
15. Rc1 Qa5 16. Bc4 Bxc4 17. Rxc4 Nb6 18. Rc1 Qxa4 19. b3 Qd7 20. dxc5 Qxd1 
21. Rfxd1 Nd5 22. Rc4 a5 23. Ra1 Kd7 24. Nd4 Kc7 25. Bd2 Rhc8 26. f4 Kd8 
27. c6 Nb6 28. Rcc1 g6 29. g4 a4 30. bxa4 Nxa4 31. Rab1 Bc5 32. Rc4 Ke8 
33. Kf1 Bxd4 34. Rxd4 Rxc6 35. Rdxb4 Rcc8 36. Ra1 Nc5 37. Rxa8 Rxa8 38. Be3 Nd7 
39. g5 Nb8 40. Rb7 Nc6 41. Kf2 Ra2+ 42. Kf3 Rxh2 43. Ke4 Re2 44. Rb6 Ne7 
45. Rb8+ Kd7 46. Rb7+ Ke8 47. Kd3 Rh2 48. Rb8+ Kd7 49. Rb7+ Ke8 50. Rb8+ Kd7 
51. Rb7+ Ke8 1/2-1/2

[Event "Sunday 14 January 2nd Tour 7+2 Rounds 9 Starts 2200 ST"]
[Site "Infinity Chess"]
[Date "2018.1.14"]
[Round "1"]
[White "SkyPilot"]
[Black "MiKachomiKa QueeN"]
[Result "1-0"]
[ECO "C53"]
[WhiteElo "2536"]
[BlackElo "2478"]
[WhiteEngine "stockfish_x64_bmi2_2018_01_01_CTG"]
[BlackEngine "Raubfisch X37b1_CTG"]
[EventType "Swiss"]
[WhiteTeam ""]
[BlackTeam ""]
[PlyCount "112"]
[TimeControl "420+2"]

1. e4 e5 2. Nf3 Nc6 3. Bc4 Bc5 4. c3 Nf6 5. d3 d6 6. O-O O-O 7. Bg5 h6 8. Bh4 g5 
9. Bg3 a6 10. Nbd2 Ba7 11. b4 g4 12. Bh4 Kg7 13. Kh1 gxf3 14. Qxf3 Rg8 
15. h3 Qe7 16. g4 Nd8 17. g5 hxg5 18. Bxg5 Bg4 19. hxg4 Ne6 20. Bxe6 Qxe6 
21. Bxf6+ Qxf6 22. Kg2 Qg5 23. Rad1 b5 24. Qf5 Qxf5 25. exf5 Bb6 26. a4 bxa4 
27. Ra1 a5 28. b5 Rh8 29. Rxa4 Rag8 30. Kg3 Rh7 31. Re1 Rgh8 32. Nf3 Rh1 
33. Raa1 Rxe1 34. Nxe1 Rh1 35. Kg2 Rh4 36. Ra4 f6 37. Nf3 Rh8 38. d4 Rd8 
39. Kf1 Kf7 40. Ke2 Ke7 41. dxe5 dxe5 42. Nd2 Rd5 43. c4 Rd4 44. f3 Kf8 
45. Ra1 e4 46. c5 Bxc5 47. Nxe4 Bb6 48. Nxf6 Rb4 49. Nd7+ Ke7 50. Nxb6 cxb6 
51. g5 Rc4 52. Ke3 a4 53. f4 Kf7 54. f6 Rb4 55. Rh1 Ke6 56. f5+ Ke5 1-0

[Event "Sunday 14 January 2nd Tour 7+2 Rounds 9 Starts 2200 ST"]
[Site "Infinity Chess"]
[Date "2018.1.14"]
[Round "1"]
[White "Thinker"]
[Black "Vimtiroba"]
[Result "1/2-1/2"]
[ECO "C50"]
[WhiteElo "2484"]
[BlackElo "2542"]
[WhiteEngine "BrainFish_180106_x64_modern_CTG"]
[BlackEngine "CFish@13_CTG"]
[EventType "Swiss"]
[WhiteTeam ""]
[BlackTeam ""]
[PlyCount "113"]
[TimeControl "420+2"]

1. e4 e5 2. Nf3 Nc6 3. Bc4 Bc5 4. O-O Nf6 5. d3 d6 6. c3 a5 7. h3 O-O 
8. Nbd2 Be6 9. Bb5 h6 10. Re1 Qb8 11. Nf1 Qa7 12. Be3 Bxe3 13. Nxe3 Ne7 
14. a4 Ng6 15. Bc4 Bxc4 16. Nxc4 Qa6 17. b3 Rfe8 18. Qc2 Nf4 19. Kh2 Qc6 
20. Rad1 b6 21. d4 exd4 22. Nxd4 Qc5 23. g3 Ng6 24. Re2 Rad8 25. Nb2 Qg5 
26. Rf1 h5 27. f4 Qh6 28. Kg2 d5 29. e5 Ne4 30. Nc4 h4 31. Nf5 Qh7 32. g4 Ng3 
33. Nxg3 hxg3 34. Nb2 f6 35. Nd3 fxe5 36. f5 Nh4+ 37. Kxg3 e4 38. Nf4 Nf3 
39. Rxf3 exf3 40. Re6 Rxe6 41. Nxe6 Rd6 42. Qd3 Qh6 43. g5 Qh5 44. g6 Rxe6 
45. fxe6 Qe5+ 46. Kxf3 Qxe6 47. h4 Qh3+ 48. Ke2 Qg2+ 49. Kd1 Qg4+ 50. Kc2 Qg2+ 
51. Kc1 Qh1+ 52. Kc2 Qh2+ 53. Kb1 Qg1+ 54. Kb2 Qg2+ 55. Kc1 Qh1+ 56. Kd2 Qg2+ 
57. Kc1 1/2-1/2

[Event "Sunday 14 January 2nd Tour 7+2 Rounds 9 Starts 2200 ST"]
[Site "Infinity Chess"]
[Date "2018.1.14"]
[Round "1"]
[White "THE_MACHINE"]
[Black "MarioDeMonti"]
[Result "1-0"]
[ECO "B90"]
[WhiteElo "2561"]
[BlackElo "2488"]
[WhiteEngine "Houdini 6"]
[BlackEngine "stockfish_x64_bmi2_2018_01_01_CTG"]
[EventType "Swiss"]
[WhiteTeam ""]
[BlackTeam ""]
[PlyCount "271"]
[TimeControl "420+2"]

1. e4 c5 2. Nf3 d6 3. d4 cxd4 4. Nxd4 Nf6 5. Nc3 a6 6. Be3 e5 7. Nb3 Be6 
8. f3 h5 9. Nd5 Bxd5 10. exd5 Nbd7 11. Qd2 g6 12. Be2 Bg7 13. O-O b6 14. c4 O-O 
15. Rad1 Re8 16. h3 Qc7 17. Kh1 Nc5 18. Nxc5 bxc5 19. Rde1 a5 20. Qc2 Qd7 
21. Bd1 a4 22. Bc1 Qf5 23. Qxf5 gxf5 24. h4 Reb8 25. Rf2 Kf8 26. Rg1 Ng8 
27. g4 f4 28. a3 Nf6 29. Bc2 Nd7 30. g5 Nb6 31. Bd3 Nc8 32. Rh2 Rb3 33. Be4 Nb6 
34. Rc2 Rb8 35. Kg2 Nc8 36. Re2 Nb6 37. Rc2 Nd7 38. Rd1 Kg8 39. Rd3 R3b6 
40. Kf1 Nf8 41. Rh2 Nd7 42. Rg2 R6b7 43. Ke2 Nb6 44. Rc3 Nd7 45. Rg1 Nf8 
46. Rh1 Ng6 47. Rc2 Ne7 48. Rg1 Ra8 49. Bd2 Ng6 50. Kd1 Bf8 51. Rh1 Bg7 
52. Kc1 Bf8 53. Be1 Be7 54. Kb1 Rbb8 55. Bd2 Rb3 56. Rc3 Rbb8 57. Rd3 Bd8 
58. b4 cxb4 59. axb4 Rc8 60. Rc1 Nxh4 61. c5 Kg7 62. Ka2 Bxg5 63. Rg1 Kh6 
64. Be1 Rf8 65. Rc3 f5 66. Bc2 Rac8 67. c6 Ng6 68. Bf2 Ne7 69. Rd1 Rb8 
70. Rc4 Rb5 71. Bxa4 Rxd5 72. c7 Rxd1 73. Bxd1 e4 74. Bd4 Bf6 75. Bxf6 Rxf6 
76. fxe4 Nc8 77. exf5 d5 78. Rc5 h4 79. Bf3 h3 80. Rc1 Kg7 81. Bxd5 h2 
82. Be6 Nb6 83. Rh1 Rh6 84. b5 f3 85. Kb3 Rh4 86. c8=Q Nxc8 87. Bxc8 f2 
88. Bb7 Rg4 89. Rf1 Rf4 90. Bg2 Rxf5 91. Kc4 Rf4+ 92. Kc3 Rf6 93. Kd3 Kg6 
94. Ke3 Kg5 95. Rxf2 Rh6 96. Rb2 Kg4 97. b6 Re6+ 98. Kd3 Re8 99. b7 Kg3 
100. Bd5 Rb8 101. Kc3 Kh3 102. Ra2 Re8 103. Be6+ Kg3 104. Rxh2 Kxh2 
105. Bc8 Re3+ 106. Kb4 Re4+ 107. Ka5 Re5+ 108. Ka6 Re2 109. b8=Q+ Kg2 
110. Bh3+ Kxh3 111. Qb3+ Kg2 112. Kb5 Re1 113. Kc4 Re4+ 114. Kd3 Rf4 
115. Qd5+ Kf2 116. Qc6 Rf3+ 117. Ke4 Rh3 118. Qc2+ Kf1 119. Qd2 Rh7 
120. Qf4+ Ke2 121. Qf5 Re7+ 122. Kf4 Kd1 123. Qb1+ Ke2 124. Qa2+ Kd1 
125. Kf3 Re1 126. Kf2 Re7 127. Qb1+ Kd2 128. Qb4+ Kd3 129. Qxe7 Kd4 130. Qg5 Kc4 
131. Ke3 Kb3 132. Qf4 Kb2 133. Qb4+ Ka2 134. Kd2 Ka1 135. Kc1 Ka2 136. Qb2# 1-0

[Event "Sunday 14 January 2nd Tour 7+2 Rounds 9 Starts 2200 ST"]
[Site "Infinity Chess"]
[Date "2018.1.14"]
[Round "1"]
[White "Murx"]
[Black "xeonrocks"]
[Result "1/2-1/2"]
[ECO "A20"]
[WhiteElo "2493"]
[BlackElo "2590"]
[WhiteEngine "BrainFish_171226_x64_modern"]
[BlackEngine "asmFishW_bmi2_CTG"]
[EventType "Swiss"]
[WhiteTeam ""]
[BlackTeam ""]
[PlyCount "101"]
[TimeControl "420+2"]

1. c4 e5 2. g3 Nf6 3. Bg2 d5 4. cxd5 Nxd5 5. Nc3 Nb6 6. e3 Nc6 7. Nge2 h5 
8. O-O h4 9. d4 hxg3 10. fxg3 Bg4 11. Qb3 Qd7 12. dxe5 Be6 13. Qc2 O-O-O 
14. b3 Nd5 15. Rd1 Ndb4 16. Rxd7 Nxc2 17. Rxd8+ Nxd8 18. Rb1 Bc5 19. Be4 Bxe3+ 
20. Bxe3 Nxe3 21. Nd4 Ng4 22. Nf3 Nc6 23. Bxc6 bxc6 24. Rd1 Re8 25. Rd4 Bf5 
26. Rf4 g6 27. Nd4 Rxe5 28. h3 Nh6 29. Rh4 Re3 30. Na4 Rxg3+ 31. Kf2 Rd3 
32. Nxc6 Bd7 33. Nxa7+ Kb8 34. Nc5 Rd5 35. Nxd7+ Kxa7 36. Nf6 Rf5+ 37. Ke3 Rxf6 
38. Rxh6 Ra6 39. Rh7 Rxa2 40. Rxf7 Kb6 41. Rf6+ Ka5 42. Rxg6 Rh2 43. Rg3 Kb4 
44. h4 c6 45. h5 c5 46. h6 c4 47. h7 c3 48. Rg7 c2 49. Rc7 c1=Q+ 50. Rxc1 Rxh7 
51. Kd4 1/2-1/2

[Event "Sunday 14 January 2nd Tour 7+2 Rounds 9 Starts 2200 ST"]
[Site "Infinity Chess"]
[Date "2018.1.14"]
[Round "1"]
[White "Thor"]
[Black "Coco69"]
[Result "1/2-1/2"]
[ECO "C50"]
[WhiteElo "2594"]
[BlackElo "2494"]
[WhiteEngine "asmFishW_bmi2"]
[BlackEngine "asmfishw_2018-01-12_base"]
[EventType "Swiss"]
[WhiteTeam ""]
[BlackTeam ""]
[PlyCount "127"]
[TimeControl "420+2"]

1. e4 e5 2. Nf3 Nc6 3. Bc4 Bc5 4. O-O Nf6 5. d3 d6 6. c3 a5 7. Re1 h6 
8. Nbd2 O-O 9. Nf1 a4 10. Ng3 Ra5 11. h3 Bb6 12. Qc2 Bd7 13. Rb1 Qe8 14. b4 axb3 
15. axb3 Be6 16. b4 Ra8 17. Bb3 Bxb3 18. Rxb3 Qe6 19. Bb2 Ra2 20. Ra1 Rxa1+ 
21. Bxa1 Ra8 22. Bb2 Qe8 23. Nf5 Ne7 24. Nxe7+ Qxe7 25. c4 Nd7 26. Ra3 Rxa3 
27. Bxa3 c6 28. g3 Nf8 29. Kg2 Ne6 30. Bb2 Kh7 31. Bc3 f6 32. Qe2 Qf7 33. Nh4 g6 
34. Qd1 h5 35. Bd2 Bd8 36. Qe2 Kg8 37. Nf3 Bb6 38. Nh4 Bd8 39. Bc1 f5 40. Nf3 g5 
41. Nh2 fxe4 42. dxe4 Qg6 43. Qd3 Kf7 44. Kf1 Be7 45. g4 hxg4 46. Nxg4 Ke8 
47. Bd2 Nf4 48. Bxf4 gxf4 49. c5 dxc5 50. bxc5 Bxc5 51. Qb3 Qf7 52. Qxf7+ Kxf7 
53. Nxe5+ Ke6 54. Nd3 Bd6 55. Kg2 c5 56. Kf3 c4 57. Nxf4+ Ke5 58. Ng6+ Kd4 
59. e5 Bxe5 60. Nxe5 Kxe5 61. Ke2 Ke4 62. Kd2 Kd4 63. h4 b5 64. h5 1/2-1/2

[Event "Sunday 14 January Rapid Engine Tour 12+1 Rounds 9 Starts 1600 ST"]
[Site "Infinity Chess"]
[Date "2018.1.14"]
[Round "9"]
[White "CoffeeOne"]
[Black "IronMan"]
[Result "1-0"]
[ECO "C77"]
[WhiteElo "2462"]
[BlackElo "2377"]
[WhiteEngine "Houdini 6"]
[BlackEngine "Stockfish SL FA PB BMI2"]
[EventType "Swiss"]
[WhiteTeam ""]
[BlackTeam ""]
[PlyCount "193"]
[TimeControl "720+1"]

1. e4 e5 2. Nf3 Nc6 3. Bb5 a6 4. Ba4 Nf6 5. O-O b5 6. Bb3 Bb7 7. d3 Bc5 
8. Bg5 O-O 9. c3 Be7 10. a4 h6 11. Bh4 d6 12. Na3 b4 13. Nc4 Rb8 14. Re1 Bc8 
15. Rb1 Bg4 16. h3 Bh5 17. g4 Bg6 18. Bg3 Nh7 19. Kg2 Ng5 20. Nh4 Bh7 
21. Nf5 Ne6 22. d4 exd4 23. cxd4 Bxf5 24. exf5 Nexd4 25. Ne3 Re8 26. Bd5 Bf6 
27. h4 Ne7 28. Be4 d5 29. Bd3 Qd7 30. Rh1 Ndc6 31. g5 Bd4 32. Qf3 Bxe3 
33. fxe3 g6 34. f6 Nf5 35. Bxf5 Qxf5 36. Qxf5 gxf5 37. Rbc1 Ne5 38. Rxc7 Rbd8 
39. gxh6 Ng4 40. h7+ Kxh7 41. Rxf7+ Kg6 42. Ra7 Kxf6 43. Rxa6+ Kg7 44. Ra7+ Kg8 
45. Rc1 Nxe3+ 46. Kh3 Re4 47. Rcc7 Rg4 48. Be5 f4 49. Rg7+ Rxg7 50. Rxg7+ Kf8 
51. Rg6 Rc8 52. Bxf4 d4 53. Rd6 Rc1 54. Rxd4 Rh1+ 55. Bh2 Nf1 56. Rf4+ Kg8 
57. Rf2 Ne3 58. Re2 Nc4 59. Re4 Rc1 60. Bf4 Rc2 61. b3 Nb2 62. Rxb4 Nd3 
63. Rb8+ Kg7 64. Bg3 Rc5 65. Kg4 Ra5 66. h5 Rd5 67. Rb7+ Kh6 68. Rb6+ Kg7 
69. Rd6 Nf2+ 70. Kh4 Rf5 71. Bxf2 Rf4+ 72. Kg3 Re4 73. Rd7+ Kf6 74. h6 Re8 
75. h7 Ke6 76. Rb7 Rd8 77. Bd4 Rxd4 78. Rd7 Re4 79. Re7+ Kf5 80. Rxe4 Kxe4 
81. b4 Kd4 82. a5 Ke5 83. b5 Kd6 84. a6 Ke7 85. b6 Kf6 86. a7 Kg7 87. b7 Kxh7 
88. a8=Q Kh6 89. b8=Q Kg6 90. Qa6+ Kf7 91. Qf6+ Kxf6 92. Qd6+ Kg7 93. Qe7+ Kg8 
94. Kf4 Kh8 95. Ke5 Kg8 96. Kf6 Kh8 97. Qg7# 1-0

[Event "Sunday 14 January Rapid Engine Tour 12+1 Rounds 9 Starts 1600 ST"]
[Site "Infinity Chess"]
[Date "2018.1.14"]
[Round "9"]
[White "miguello"]
[Black "Murx"]
[Result "1/2-1/2"]
[ECO "D31"]
[WhiteElo "2403"]
[BlackElo "2487"]
[WhiteEngine "stockfish_18011309_x64_modern_CTG"]
[BlackEngine "BrainFish_171226_x64_modern"]
[EventType "Swiss"]
[WhiteTeam ""]
[BlackTeam ""]
[PlyCount "69"]
[TimeControl "720+1"]

1. d4 d5 2. c4 e6 3. Nc3 c6 4. Nf3 Nf6 5. e3 Nbd7 6. Qc2 Bd6 7. Bd3 O-O 
8. O-O dxc4 9. Bxc4 a6 10. a4 c5 11. dxc5 Bxc5 12. Rd1 b6 13. Ne4 Nxe4 
14. Qxe4 Nf6 15. Qc2 Qe7 16. b3 Bb7 17. Bb2 Rfd8 18. Ne5 h6 19. Rxd8+ Rxd8 
20. Rd1 Ne4 21. Bd3 a5 22. Be2 Rxd1+ 23. Bxd1 Qg5 24. Bf3 Nxf2 25. Bxb7 Qxe3 
26. Kf1 f6 27. Nf3 Ng4 28. Bc1 Nxh2+ 29. Nxh2 Qg1+ 30. Ke2 Qf2+ 31. Kd1 Qg1+ 
32. Kd2 Qf2+ 33. Kd1 Qg1+ 34. Kd2 Qf2+ 35. Kd1 1/2-1/2